 Dungeon Crawl Stone Soup version 0.32-a0-401-g0bcb2a7693 (webtiles) character file.

Game seed: 3173335238470191105

30 GordonOverkill the Sneak (level 3, 0/20 HPs)
             Began as a Spriggan Delver on Feb 20, 2024.
             Slain by a mummy (8 damage)
             ... in an ossuary.
             The game lasted 00:01:02 (200 turns).

GordonOverkill the Sneak (Spriggan Delver)           Turns: 200, Time: 00:01:02

Health: 0/20       AC:  2    Str:  8    XL:     3   Next: 5%
Magic:  4/4        EV: 17    Int: 13    God:
Gold:   11         SH:  0    Dex: 16    Spells: 2/2 levels left

rFire   . . .        a - +0 short sword
rCold   . . .        (no shield)
rNeg    . . .        b - +0 robe
rPois   .            (helmet restricted)
rElec   .            (no cloak)
rCorr   .            (gloves unavailable)
SInv    +            (boots unavailable)
Will    .....        (no amulet)
Stlth   ++++         (no ring)
HPRegen 0.23/turn    (no ring)
MPRegen 0.09/turn

%: no passive effects
@: very quick
A: very small, no large weapons, unfitting armour, see invisible, speed 3
a: no special abilities


You were in an ossuary.
You visited 1 branch of the dungeon, and saw 2 of its levels.
You also visited: Ossuary.

You collected 11 gold pieces.

Inventory:

Hand Weapons
 a - a +0 short sword (weapon)
Armour
 b - a +0 robe (worn)
Wands
 g - a wand of digging (3)
Scrolls
 c - a scroll of fog
 d - a scroll of revelation
 e - a scroll of fear
Potions
 f - a potion of haste
 h - a potion of curing {unknown}


   Skills:
 - Level 3.0 Fighting
 + Level 3.2 Short Blades
 - Level 2.6 Dodging
 - Level 7.2 Stealth


You had 2 spell levels left.
You didn't know any spells.
Your spell library was empty.

Dungeon Overview and Level Annotations

Branches:
Dungeon (6/15)            Ossuary (1/1)
 Temple: D:4-7

Altars:


Innate Abilities, Weirdness & Mutations

You are very small and have problems with some larger weapons.
You are too small for most types of armour.
You have supernaturally acute eyesight. (SInv)
You cover ground extremely quickly. (Speed+++)


Message History

You need to enable at least one skill for training.
Training target 3.0 for Short Blades reached!
Your Short Blades skill increases to level 3!
You need to enable at least one skill for training.
You have reached level 2!
You have reached level 3!
Your experience leads to an increase in your attributes!
Increase (S)trength, (I)ntelligence, or (D)exterity?
You feel clever. x2
You start resting.
HP restored.
You open the door.
A centaur skeleton and a mummy come into view.
Found a scroll labelled FIBIDI MANUFF.
You close the door.
There is an open door here.
There is an empty arch of ancient stone here.
You start waiting.
A mummy is nearby!
There is an open door here.
You hit the mummy but do no damage. The mummy misses you.
You hit the mummy.
The mummy is lightly damaged.
You hit the mummy.
The mummy is moderately damaged.
The mummy hits you!
Ouch! That really hurt!
* * * LOW HITPOINT WARNING * * *
You hit the mummy.
The mummy is moderately damaged.
You barely miss the mummy.
The mummy is moderately damaged.
The mummy hits you.
* * * LOW HITPOINT WARNING * * *
You hit the mummy.
The mummy is heavily damaged.
You hit the mummy.
The mummy is heavily damaged.
The mummy hits you!
You die...

#####
#∩.∩#
##.## #@#
##M##
#...#
#.'...+
#Z.#...#
#..###+##
#.# #..
#M


You could see a mummy.

Vanquished Creatures
  A centaur skeleton (Ossuary)
  An orc (D:5)
2 creatures vanquished.

Notes
Turn   | Place    | Note
-------+----------+-------------------------------------------
     0 | D:5      | GordonOverkill the Spriggan Delver began the quest for the
                  | Orb.
     0 | D:5      | Reached XP level 1. HP: 11/11 MP: 2/2
   104 | D:5      | Noticed a hound
   147 | D:5      | Found a sand-covered staircase.
   152 | Ossuary  | Entered an ossuary
   160 | Ossuary  | Reached XP level 2. HP: 13/16 MP: 3/3
   160 | Ossuary  | Reached XP level 3. HP: 16/20 MP: 4/4
   200 | Ossuary  | Slain by a mummy

Illustrated notes

Levels and vault maps discovered:
D:5:      kennysheep_six_static_rooms, layout_loops_cross, enter_ossuary_2,
          uniq_pikel
D:6:      layout_loops_ring, nicolae_shop_firing_range, uniq_prince_ribbit1,
          uniq_blork_the_orc
Ossuary:  ossuary_due_small_catacomb

Skill      XL: |  1 |
---------------+----+-----
Fighting       | 3 |  3.0
Short Blades   | 3 |  3.2
Dodging        | |  2.6
Stealth        | |  7.2

Action                     || total
---------------------------++-------
  Melee: Short sword       ||    16
   Stab: Sleeping          ||     1
 Armour: Robe              ||     7
  Dodge: Dodged            ||     5

Table legend: (Time is in decaauts)
 A = Elapsed time spent in this place.
 B = Non-inter-level travel time spent in this place.
 C = Inter-level travel time spent in this place.
 D = Time resting spent in this place.
 E = Time spent auto-exploring this place.
 F = Levels seen in this place.
 G = Mean time per level.
                   A        B        C        D        E       F      G
               +--------+--------+--------+--------+--------+-----+--------+
         Total |    146 |    146 |      0 |     45 |      0 |   3 |   48.7 |
       Dungeon |    104 |    104 |      0 |     20 |      0 |   2 |   52.0 |
       Ossuary |     42 |     42 |      0 |     25 |      0 |   1 |   42.0 |
               +--------+--------+--------+--------+--------+-----+--------+

Top non-repeatable levels by time:
     D:5: 101 daAuts
 Ossuary: 42 daAuts
     D:6: 2 daAuts
